 Dungeon Crawl Stone Soup version 0.28-a0-1624-g820543e53a (webtiles) character file.

Game seed: 12543573410205767053

8458 dolemite99 the Grappler (level 11, -10/97 HPs)
             Began as a Minotaur Monk on Jan 24, 2022.
             Was a Plaything of Xom.
             Mangled by a freezing wraith (19 damage)
             ... on level 9 of the Dungeon.
             The game lasted 00:15:15 (12640 turns).

dolemite99 the Grappler (Minotaur Monk)            Turns: 12640, Time: 00:15:16

Health: -10/97     AC: 28    Str: 18 (19) XL:     11   Next: 10%
Magic:  11/11      EV:  7    Int:  6 (7)  God:    Xom [.*....]
Gold:   430        SH:  0    Dex: 11      Spells: 10/10 levels left

rFire   . . .      SeeInvis +     - Unarmed
rCold   . . .      Faith    .   (no shield)
rNeg    . . .      Spirit   .   N - +0 plate armour
rPois   +          Reflect  .   (helmet unavailable)
rElec   .          Harm     .   k - +0 cloak
rCorr   .          Rampage  .   g - +2 pair of gloves
Will    .....                   H - +1 pair of boots
Stlth   ..........              (no amulet)
HPRegen 0.26/turn               z - ring of Solirr {rPois AC+4 Dex-3 SInv}
MPRegen 0.12/turn               (no ring)

@: no status effects
A: horns 3, retaliatory headbutt, hooves 1, iridescent scales 1, deterioration
1, high mp 1, mutation resistance 1, screaming 1
a: Renounce Religion


You were on level 9 of the Dungeon.
You worshipped Xom.
You were a plaything of Xom.
You visited 1 branch of the dungeon, and saw 10 of its levels.
You also visited: Sewer.

You collected 430 gold pieces.

Inventory:

Hand Weapons
 n - a +0 hand crossbow
Missiles
 b - 184 stones (quivered)
 l - 65 bolts
 v - 4 datura-tipped darts
 w - 30 sling bullets
 y - 47 arrows
 E - 27 poisoned darts
 F - 5 boomerangs
Armour
 a - the +3 Mad Mage's Maulers {Infuse+∞ RegenMP Int-3}
   (You found it in a sewer)

   It empowers its wearer's blows with all of their magic.
   It causes its wearer's magical reserves to regenerate more quickly.
   Int:       It affects your intelligence (-3).
 g - a +2 pair of gloves (worn)
 k - a +0 cloak (worn)
 r - a +2 hat
 C - the +0 kite shield "Bouniahu" {Harm rF- Int+7 Slay-3}
   (You found it on level 10 of the Dungeon)

   Int:       It affects your intelligence (+7).
   Slay:      It affects your accuracy & damage with ranged weapons and melee
   (-3).
   rF:        It makes you vulnerable to fire.
   Harm:      It increases damage dealt and taken.
 H - a +1 pair of boots (worn)
 M - +0 swamp dragon scales
 N - a +0 plate armour (worn)
Jewellery
 z - the ring of Solirr (left hand) {rPois AC+4 Dex-3 SInv}
   (You acquired it on level 8 of the Dungeon)

   [ring of protection]

   AC:        It affects your AC (+4).
   Dex:       It affects your dexterity (-3).
   rPois:     It protects you from poison.
   SInv:      It lets you see invisible.
 A - a ring of see invisible
 L - a ring of positive energy
 P - a +4 ring of slaying
Wands
 D - a wand of flame (20)
 I - a wand of paralysis (8)
 K - a wand of polymorph (11)
Scrolls
 h - a scroll of holy word {unknown}
 i - 5 scrolls of identify {@r1}
 j - 2 scrolls of magic mapping
 m - 2 scrolls of enchant weapon
 p - a scroll of enchant armour
 s - 3 scrolls of teleportation
 B - a scroll of immolation {unknown}
 J - 2 scrolls of fog
Potions
 c - a potion of mutation {unknown}
 d - a potion of invisibility {unknown}
 e - 2 potions of attraction {unknown}
 f - 2 potions of brilliance
 o - 2 potions of ambrosia
 q - 2 potions of flight {unknown}
 t - 3 potions of might {unknown}
 u - 2 potions of heal wounds {unknown}
 x - a potion of cancellation {unknown}
 G - 2 potions of berserk rage {unknown}
Miscellaneous
 O - a phial of floods


   Skills:
 + Level 9.6 Fighting
 - Level 10.9 Armour
 - Level 3.2 Dodging
 - Level 1.5 Stealth
 - Level 14.0 Unarmed Combat


You had 10 spell levels left.
You didn't know any spells.
Your spell library contained the following spells:

 Spells                   Type           Power      Damage    Failure   Level
 Magic Dart               Conj           0%         1d3       100%        1
 Call Imp                 Summ           0%         N/A       100%        2
 Static Discharge         Conj/Air       0%         N/A       100%        2
 Wereblood                Tmut           0%         N/A       100%        2
 Gell's Gravitas          Tloc           0%         N/A       100%        3
 Lesser Beckoning         Tloc           0%         N/A       100%        3
 Mephitic Cloud           Conj/Pois/Air  0%         N/A       100%        3
 Teleport Other           Tloc           0%         N/A       100%        3
 Animate Dead             Necr           0%         N/A       100%        4
 Dispel Undead            Necr           0%         3d6       100%        4
 Sticky Flame             Conj/Fire      0%         2d3       100%        4
 Fireball                 Conj/Fire      0%         3d3       100%        5
 Haunt                    Necr/Summ      0%         N/A       100%        7
 Ignition                 Fire           0%         3d3       100%        8
 Infestation              Necr           0%         N/A       100%        8


Dungeon Overview and Level Annotations

Branches:
Dungeon (10/15)            Temple (0/1) D:5            Lair (0/6) D:9
  Sewer (visited)
    Orc: D:9-12

Altars:
Elyvilon
Fedhas
Gozag
Kikubaaqudgha
Qazlal
Ru
Xom
Yredelemnul
Zin
The Shining One

Shops:
D:3 =


Innate Abilities, Weirdness & Mutations

You have a pair of large horns on your head.
You reflexively headbutt those who attack you in melee.
You have large cloven feet.
You are partially covered in iridescent scales. (AC +2)
Your body sometimes deteriorates upon taking damage.
You have an increased reservoir of magic. (+10% MP)
You are somewhat resistant to further mutation.
You occasionally shout uncontrollably at your foes.


Message History

There is a stone staircase leading up, spattered with blood here.
The freezing wraith closely misses you. The freezing wraith barely misses you.
The slime creature hits you.
* * * LOW HITPOINT WARNING * * *
You climb upwards.
There is a stone staircase leading down here.
Okay, then.
You punch the freezing wraith!
Your headbutt misses the freezing wraith.
The freezing wraith is lightly damaged.
The freezing wraith hits you but does no damage. x2
You hit the freezing wraith.
The freezing wraith is moderately damaged.
The slime creature hits you.
* * * LOW HITPOINT WARNING * * *
You hit the freezing wraith but do no damage.
You punch the freezing wraith, but do no damage.
The freezing wraith is moderately damaged.
The freezing wraith hits you but does no damage. x2
The slime creature hits you but does no damage.
Okay, then.
You hit the freezing wraith but do no damage.
The freezing wraith is moderately damaged.
The freezing wraith barely misses you. x2
The slime creature hits you but does no damage.
You punch the freezing wraith! You headbutt the freezing wraith!
You punch the freezing wraith, but do no damage.
The freezing wraith is severely damaged.
The freezing wraith hits you but does no damage.
The freezing wraith barely misses you.
You barely miss the freezing wraith.
The freezing wraith is severely damaged.
The slime creature hits you but does no damage.
You hit the freezing wraith but do no damage.
The freezing wraith is severely damaged.
The freezing wraith hits you!
* * * LOW HITPOINT WARNING * * *
The freezing wraith freezes you!!
You die...
Xom giggles madly!

############## ##.....##.....#
##.............. #######
#######............... #.....#
#....@#............... #.....#
#...JW#............... #.....#
#.....#............... #.....##
#.....#...............
#......###.....#...............
###............................
#.........≈≈................#
#........§.≈≈≈≈.....#..###...
#....>...§≈..§§≈............#


You could see a slime creature and a freezing wraith.

Vanquished Creatures
  A fire dragon (D:9)
  A two-headed ogre (D:10)
  A freezing wraith (D:10)
  Maggie (D:9)
  A troll (D:10)
  11 yaks (D:10)
  5 wyverns
  4 vampire mosquitoes
  2 steam dragons
  An acid dragon (D:10)
  A water moccasin (D:5)
  Duvessa (D:7)
  3 orc warriors
  A sky beast (D:6)
  2 ice beasts (D:7)
  2 necrophages
  An ogre (D:4)
  A centaur (D:5)
  A hornet zombie (D:6)
  A phantom (D:6)
  2 kobold brigands
  2 bullfrogs
  2 scorpions (D:6)
  A water moccasin zombie (D:5)
  Dowan (D:7)
  6 killer bees (D:9)
  5 howler monkeys
  9 wights
  A centaur skeleton (D:7)
  4 orc priests (D:9)
  2 hounds
  2 iguanas
  7 orc wizards
  A centaur simulacrum (D:10)
  7 gnolls
  9 adders
  A river rat (D:5)
  A white imp (D:5)
  2 adder skeletons
  A worm (D:3)
  19 orcs
  8 ball pythons
  A bat (D:1)
  4 endoplasms
  10 giant cockroaches
  7 goblins
  2 hobgoblins
  10 jackals
  7 quokkas
  10 frilled lizards
  30 kobolds
  14 rats
230 creatures vanquished.

Vanquished Creatures (others)
  70 plants (D:6)
70 creatures vanquished.

Grand Total: 300 creatures vanquished

Notes
Turn   | Place    | Note
-------+----------+-------------------------------------------
     0 | D:1      | dolemite99 the Minotaur Monk began the quest for the Orb.
     0 | D:1      | Reached XP level 1. HP: 19/19 MP: 0/0
   344 | D:1      | Reached skill level 4 in Unarmed Combat
   344 | D:1      | Reached XP level 2. HP: 26/26 MP: 1/1
   925 | D:2      | Reached XP level 3. HP: 11/31 MP: 2/2
  1574 | D:2      | Reached skill level 5 in Unarmed Combat
  1582 | D:2      | Found a faded altar of an unknown god.
  1596 | D:2      | Prayed at the altar of an unknown god.
  1596 | D:2      | Became a worshipper of Xom of Chaos
  1679 | D:2      | XOM: silly message
  1793 | D:2      | XOM: give mutations
  1793 | D:2      | Gained mutation: You are partially covered in iridescent
                  | scales. (AC +2) [Xom's grace]
  1793 | D:2      | Gained mutation: You have an increased reservoir of magic.
                  | (+10% MP) [Xom's grace]
  1793 | D:2      | Gained mutation: You are mostly covered in iridescent
                  | scales. (AC +4) [Xom's grace]
  1793 | D:2      | Gained mutation: You have large cloven feet. [Xom's grace]
  2268 | D:2      | Reached XP level 4. HP: 31/39 MP: 3/3
  2343 | D:3      | XOM: cast spell 'Chain of Chaos'
  2570 | D:3      | Reached skill level 6 in Unarmed Combat
  2652 | D:3      | Reached XP level 5. HP: 45/45 MP: 4/4
  2730 | D:3      | Found Kaypn's Jewellery Shop.
  3146 | D:4      | Noticed an ogre
  3147 | D:4      | XOM: confuse monster(s)
  3156 | D:4      | XOM: scenery: summon butterflies
  3168 | D:4      | XOM: enchant monster (good)
  3299 | D:4      | Killed an ogre
  3300 | D:4      | Reached skill level 7 in Unarmed Combat
  3404 | D:4      | Found a stormy altar of Qazlal.
  3578 | D:4      | XOM: noise
  3640 | D:4      | XOM: stat loss: -1 Int (6/7)
  3695 | D:5      | Entered Level 5 of the Dungeon
  3758 | D:5      | Reached XP level 6. HP: 43/51 MP: 5/5
  3808 | D:5      | Found a staircase to the Ecumenical Temple.
  3864 | D:5      | Found a glowing drain.
  3875 | Sewer    | Entered a sewer
  3961 | Sewer    | Reached skill level 8 in Unarmed Combat
  4136 | Sewer    | Found the +3 Mad Mage's Maulers {Infuse+∞ RegenMP Int-3}
  4208 | Sewer    | XOM: cast spell 'Summon Small Mammal'
  4451 | Sewer    | XOM: stat loss: -1 Str (16/17)
  4564 | D:5      | XOM: draining
  4636 | D:5      | Noticed a water moccasin
  4642 | D:5      | Killed a water moccasin
  4643 | D:5      | Reached skill level 9 in Unarmed Combat
  4643 | D:5      | Reached XP level 7. HP: 49/56 MP: 0/6
  4651 | D:5      | XOM: confusion (+ monsters)
  4983 | D:5      | Found a blossoming altar of Fedhas.
  5151 | D:6      | XOM: give mutations
  5151 | D:6      | Gained mutation: You are dopey. (Int -2) [Xom's mischief]
  5151 | D:6      | Lost mutation: You are dopey. (Int -2) [Xom's mischief]
  5151 | D:6      | Gained mutation: You are somewhat resistant to further
                  | mutation. [Xom's mischief]
  5198 | D:6      | Reached skill level 10 in Unarmed Combat
  5277 | D:6      | XOM: summons 4 hostile shadow creatures
  5459 | D:6      | XOM: summons 4 hostile demons
  5649 | D:6      | Reached XP level 8. HP: 64/64 MP: 0/7
  5683 | D:6      | Reached skill level 11 in Unarmed Combat
  5796 | D:6      | XOM: god gift: book of Displacement
  5927 | D:6      | Found an opulent altar of Gozag.
  5977 | D:6      | Found a glowing golden altar of the Shining One.
  6001 | D:6      | XOM: swap monsters
  6182 | D:6      | Reached skill level 12 in Unarmed Combat
  6662 | D:7      | Noticed Dowan
  6663 | D:7      | Noticed Duvessa
  6734 | D:7      | XOM: chaos upgrade
  6875 | D:7      | Identified the +1 helmet of the Sacrificial Victim {Dex-4
                  | SInv Stlth+}
  6931 | D:7      | Found a white marble altar of Elyvilon.
  6978 | D:7      | XOM: enchant monster (bad)
  7136 | D:7      | XOM: silly message
  7195 | D:7      | Killed Duvessa
  7201 | D:7      | XOM: swap monsters
  7244 | D:7      | Reached skill level 13 in Unarmed Combat
  7245 | D:7      | XOM: stat loss: -1 Int (3/4)
  7247 | D:7      | Killed Dowan
  7248 | D:7      | Reached XP level 9. HP: 39/70 MP: 0/8
  7394 | D:7      | XOM: divination: magic mapping
  8066 | D:7      | XOM: give mutation
  8066 | D:7      | Lost mutation: You are mostly covered in iridescent scales.
                  | (AC +4) [Xom's mischief]
  8303 | D:8      | XOM: summons 5 hostile demons
  8460 | D:8      | XOM: 3-stop teleportation journey
  8511 | D:8      | Found a basalt altar of Yredelemnul.
  8519 | D:8      | Reached skill level 14 in Unarmed Combat
  8628 | D:8      | Found an ancient bone altar of Kikubaaqudgha.
  8678 | D:8      | Identified a scroll of acquirement
  8678 | D:8      | Acquired the ring of Solirr {rPois AC+4 Dex-3 SInv}
  8689 | D:8      | XOM is BORED!
  8689 | D:8      | XOM: torment (36/70 hp)
  8764 | D:8      | XOM: stat loss: -1 Int (3/4)
  9330 | D:9      | Noticed a fire dragon
  9332 | D:9      | XOM: fake destruction
  9380 | D:9      | Noticed Maggie
  9384 | D:9      | Killed Maggie
  9385 | D:9      | Reached skill level 5 in Fighting
  9428 | D:9      | XOM: chaos cloud
  9439 | D:9      | XOM: give mutations
  9439 | D:9      | Gained mutation: You have a pair of large horns on your
                  | head. [Xom's mischief]
  9439 | D:9      | Gained mutation: Your spells are a little easier to cast,
                  | but a little less powerful. [Xom's mischief]
  9449 | D:9      | XOM: blink monster(s)
  9585 | D:9      | XOM: draining
  9876 | D:9      | XOM: give mutation
  9876 | D:9      | Lost mutation: Your spells are a little easier to cast, but
                  | a little less powerful. [Xom's mischief]
  9926 | D:9      | XOM: god gift: 57 gold pieces
  9927 | D:9      | XOM: potion effect (curing)
 10514 | D:9      | XOM: smoke on damage
 10515 | D:9      | Xom revived you
 10517 | D:9      | Killed a fire dragon
 10518 | D:9      | Reached XP level 10. HP: 13/90 MP: 10/10
 10569 | D:9      | XOM: cloud trail
 10600 | D:9      | XOM: give mutation
 10600 | D:9      | Gained mutation: You occasionally shout uncontrollably at
                  | your foes. [Xom's mischief]
 10762 | D:8      | XOM: summons 6 hostile demons
 10763 | D:8      | Noticed a sixfirhy
 10786 | D:9      | Reached skill level 5 in Armour
 10786 | D:9      | XOM: divination: magic mapping
 11062 | D:9      | Found a staircase to the Lair.
 11088 | D:9      | Found a glowing silver altar of Zin.
 11222 | D:10     | Entered Level 10 of the Dungeon
 11222 | D:10     | Noticed a two-headed ogre
 11222 | D:10     | XOM: confusion
 11250 | D:10     | XOM: enchant monster (bad)
 11331 | D:10     | XOM: give mutation
 11331 | D:10     | Gained mutation: Your body sometimes deteriorates upon
                  | taking damage. [Xom's mischief]
 11490 | D:10     | XOM: 2-stop teleportation journey
 11531 | D:10     | Found a sacrificial altar of Ru.
 11670 | D:10     | XOM: summons friendly crimson imp
 11677 | D:10     | Killed a two-headed ogre
 11717 | D:10     | Noticed a brown ugly thing
 11717 | D:10     | Noticed a purple ugly thing
 11719 | D:10     | XOM: summons 6 friendly demons
 11752 | D:10     | XOM: confuse monster(s)
 11910 | D:10     | XOM: blink monster(s)
 11916 | D:10     | Reached skill level 10 in Armour
 11922 | D:10     | XOM: potion effect (heal wounds)
 11959 | D:10     | XOM: blink monster(s)
 11973 | D:10     | XOM: 1-stop teleportation journey
 11988 | D:10     | Reached XP level 11. HP: 58/95 MP: 11/11
 11996 | D:10     | XOM: noise
 12004 | D:10     | Noticed a sea snake
 12004 | D:10     | a manticore changed into a sea snake
 12508 | D:9      | XOM: noise
 12587 | D:10     | Identified the +0 kite shield "Bouniahu" {Harm rF- Int+7
                  | Slay-3}
 12593 | D:10     | XOM: noise
 12603 | D:10     | Got the Handbook of the Arsonist and Moulding
 12603 | D:10     | XOM: enchant monster (good)
 12640 | D:9      | Mangled by a freezing wraith

Illustrated notes

Levels and vault maps discovered:
D:1:      matt_arrival_los_fun, layout_basic
D:2:      layout_basic, hellmonk_ecumenical_altar_pennies_from_heaven
D:3:      layout_loops_ring, serial_shops, nicolae_shop_window_shopping
D:4:      layout_cave_pools, overflow_temple_1_default
D:5:      layout_cave_pools, mainiacjoe_overflow_alcove_4,
          minmay_temple_entry_arrows, portal_sewer_entry_e,
          amcnicky_mini_corridor_feature, nicolae_elevator_lobby_asterisk
D:6:      kennysheep_kobold_camp, layout_basic, nicolae_gozag_seed_capital,
          old_standard_altar
D:7:      layout_basic, elyvilon_altar_1, kennysheep_boxes, uniq_duvessa
D:8:      layout_loops_cross, mainiacjoe_overflow_six_doors_small,
          lemuel_crystal_altar
D:9:      layout_rooms, mainiacjoe_overflow_24_doors, minmay_lair_entry_lava,
          uniq_maggie
D:10:     minmay_the_grid_square_5x5_3x3 [minmay_the_grid_square_5x5_minibox,
          minmay_the_grid_square_5x5_shrine2,
          minmay_the_grid_square_5x5_gyroscope,
          minmay_the_grid_square_5x5_almost_minimal,
          minmay_the_grid_square_5x5_megaprize_open,
          minmay_the_grid_square_5x5_three_walls,
          minmay_the_grid_square_5x5_eight, minmay_the_grid_square_5x5_lines,
          minmay_the_grid_square_5x5_empty], layout_basic,
          nicolae_ru_awakened_eye

Skill      XL: |  1  2  3  4  5  6  7  8  9 10 11 |
---------------+----------------------------------+-----
Unarmed Combat | 4 5 6 7 9 10 13 14 | 14.0
Fighting       | 8 9 |  9.6
Armour         | 4 10 | 10.9
Dodging        | |  3.2
Stealth        | |  1.5

Action                   |  1- 3 |  4- 6 |  7- 9 | 10-12 || total
-------------------------+-------+-------+-------+-------++-------
Melee: Unarmed           |    70 |   129 |   298 |   140 ||   637
       Headbutt          |     5 |    14 |    55 |    35 ||   109
       Punch             |     3 |     3 |    13 |    12 ||    31
       Kick              |     2 |    27 |    24 |       ||    53
Throw: Stone             |    77 |    82 |    25 |     3 ||   187
       Throwing net      |       |     1 |       |       ||     1
Evoke: Wand              |       |       |     3 |       ||     3
  Use: Scroll            |       |    11 |     6 |     1 ||    18
       Potion            |       |       |     1 |     4 ||     5
 Stab: Held in net/web   |       |     1 |       |       ||     1
       Confused          |       |       |       |     1 ||     1
Armor: Robe              |     3 |       |       |       ||     3
       Ring mail         |     6 |       |       |       ||     6
       Scale mail        |     6 |    55 |   148 |       ||   209
       Swamp dragon scal |       |       |    77 |       ||    77
       Plate armour      |       |       |    17 |   143 ||   160
Dodge: Dodged            |    39 |    60 |   159 |    44 ||   302

Table legend: (Time is in decaauts)
 A = Elapsed time spent in this place.
 B = Non-inter-level travel time spent in this place.
 C = Inter-level travel time spent in this place.
 D = Time resting spent in this place.
 E = Time spent auto-exploring this place.
 F = Levels seen in this place.
 G = Mean time per level.
                   A        B        C        D        E       F      G
               +--------+--------+--------+--------+--------+-----+--------+
         Total |  12667 |  12365 |    302 |   3799 |   5944 |  11 | 1151.5 |
       Dungeon |  11919 |  11617 |    302 |   3776 |   5583 |  10 | 1191.9 |
         Sewer |    747 |    747 |      0 |     23 |    361 |   1 |  747.0 |
               +--------+--------+--------+--------+--------+-----+--------+

Top non-repeatable levels by time:
     D:9: 1819 daAuts
     D:8: 1782 daAuts
     D:7: 1579 daAuts
     D:6: 1515 daAuts
     D:2: 1383 daAuts
     D:1: 908 daAuts
     D:5: 800 daAuts
     D:3: 800 daAuts
   Sewer: 747 daAuts
    D:10: 724 daAuts
     D:4: 605 daAuts
